 Dungeon Crawl Stone Soup version 0.28-a0-1395-g4f6bc678fa (webtiles) character file.

Game seed: 3555411679474644710

172 croobank the Skirmisher (level 5, -17/47 HPs)
             Began as a Hill Orc Fighter on Jan 4, 2022.
             Demolished by Pikel (20 damage)
             ... on level 4 of the Dungeon.
             The game lasted 00:10:26 (3220 turns).

croobank the Skirmisher (Hill Orc Fighter)          Turns: 3220, Time: 00:10:27

Health: -17/47     AC: 12    Str: 19    XL:     5   Next: 53%
Magic:  5/5        EV:  9    Int: 10    God:
Gold:   109        SH:  4    Dex: 10    Spells: 4/4 levels left

rFire   . . .      SeeInvis .   a - +0 war axe (spect)
rCold   . . .      Faith    .   c - +0 buckler
rNeg    . . .      Spirit   .   b - +0 scale mail
rPois   .          Reflect  .   m - +2 helmet
rElec   .          Harm     .   q - +0 cloak
rCorr   .          Rampage  .   (no gloves)
Will    .....                   i - +0 pair of boots
Stlth   ..........              (no amulet)
HPRegen 0.15/turn               (no ring)
MPRegen 0.09/turn               (no ring)

@: mighty, hasted, very quick
A: no striking features
a: no special abilities


You were on level 4 of the Dungeon.
You visited 1 branch of the dungeon, and saw 4 of its levels.

You collected 109 gold pieces.

Inventory:

Hand Weapons
 a - a +0 spectral war axe (weapon)
Missiles
 g - 67 arrows
 o - 42 stones (quivered)
 r - 6 poisoned darts
Armour
 b - a +0 scale mail (worn)
 c - a +0 buckler (worn)
 i - a +0 pair of boots (worn)
 m - a +2 helmet (worn)
 q - a +0 cloak (worn)
Wands
 n - a wand of digging (7)
 p - a wand of iceblast (5)
Scrolls
 e - a scroll of enchant weapon
 h - a scroll of fear
 k - 4 scrolls of identify
Potions
 l - a potion of flight


   Skills:
 + Level 4.8 Fighting
 + Level 4.3 Axes
 + Level 4.3 Armour
 + Level 4.3 Shields


You had 4 spell levels left.
You didn't know any spells.
Your spell library contained the following spells:

 Spells                   Type           Power      Damage    Failure   Level
 Animate Skeleton         Necr           0%         N/A       73%         1
 Pain                     Necr           0%         1d4       73%         1
 Call Canine Familiar     Summ           0%         N/A       97%         3
 Portal Projectile        Hex/Tloc       0%         N/A       97%         3
 Vampiric Draining        Necr           0%         2d6       97%         3
 Leda's Liquefaction      Hex/Erth       0%         N/A       100%        4


Dungeon Overview and Level Annotations

Branches:
Dungeon (4/15)
 Temple: D:4-7

Altars:

Annotations:
D:4 Pikel


Message History

Your +0 spectral war axe hits Pikel.
Your +0 spectral war axe barely misses the lemure.
Pikel barely misses you.
The lemure barely misses your +0 spectral war axe.
Pikel hits you but does no damage.
You are electrocuted!
* * * LOW HITPOINT WARNING * * *
You feel very mighty all of a sudden. Pikel hits you but does no damage.
You closely miss Pikel.
Pikel is heavily wounded.
You closely miss the lemure.
Your +0 spectral war axe hits the lemure!!
Your +0 spectral war axe hits Pikel.
Pikel hits you but does no damage.
Pikel hits you with a +2 whip of electrocution.
* * * LOW HITPOINT WARNING * * *
The lemure hits your +0 spectral war axe.
Your spectral weapon shares its damage with you!
* * * LOW HITPOINT WARNING * * *
Okay, then.
Blink to where?
Press: ? - help, Dir - move target
As you read the scroll of blinking, it crumbles to dust.
You feel yourself speed up.
As you read the scroll of identify, it crumbles to dust.
e - a scroll of enchant weapon You slash Pikel!
Pikel is severely wounded.
Pikel hits you but does no damage. You block Pikel's attack.
You slash Pikel!
Pikel is almost dead.
Pikel hits you but does no damage.
You barely miss Pikel.
Pikel is almost dead.
You block Pikel's attack.
You barely miss Pikel.
Pikel is almost dead.
Pikel hits you with a +2 whip of electrocution.
* * * LOW HITPOINT WARNING * * *
You are electrocuted!!
You die...

...♣≈.♣♣.......#
...♣≈≈♣♣♣......#
♣♣.♣♣≈≈♣..♣....#
♣♣♣♣P≈♣♣♣♣♣♣...#
♣P♣♣≈.≈PP.♣♣...#
≈≈≈.≈≈≈?..≈....#
P♣♣...≈♣≈≈♣≈...#
♣♣♣.♣♣♣♣♣♣..5###
♣≈ ♣....5K@# .
......### ♣K
......# ♣
......# ......#
.. .


You could see Pikel (fast) and 2 lemures.

Vanquished Creatures
  A lemure (D:4)
  Jessica (D:3)
  An iguana (D:4)
  2 adders (D:2)
  3 gnolls (D:4)
  3 worms
  4 dart slugs
  2 orcs
  7 endoplasms
  2 giant cockroaches
  2 goblins
  3 hobgoblins (D:1)
  6 jackals
  2 kobolds
  5 quokkas
  4 ball pythons
  2 bats
  4 frilled lizards
  4 rats
58 creatures vanquished.

Vanquished Creatures (others)
  A plant (D:4)
  12 toadstools (D:4)
13 creatures vanquished.

Grand Total: 71 creatures vanquished

Notes
Turn   | Place    | Note
-------+----------+-------------------------------------------
     0 | D:1      | croobank the Hill Orc Fighter began the quest for the Orb.
     0 | D:1      | Reached XP level 1. HP: 19/19 MP: 1/1
   271 | D:1      | Reached XP level 2. HP: 27/27 MP: 2/2
   408 | D:1      | Found a faded altar of an unknown god.
   828 | D:1      | Reached XP level 3. HP: 27/33 MP: 3/3
  1845 | D:2      | Reached XP level 4. HP: 28/40 MP: 4/4
  2313 | D:3      | Noticed Jessica
  2319 | D:3      | Killed Jessica
  2936 | D:4      | Reached XP level 5. HP: 47/47 MP: 5/5
  3196 | D:4      | Noticed a lemure
  3196 | D:4      | Noticed Pikel
  3205 | D:4      | Noticed a lemure
  3206 | D:4      | Noticed a lemure
  3207 | D:4      | Killed a lemure
  3220 | D:4      | Demolished by Pikel

Illustrated notes

Levels and vault maps discovered:
D:1:      dpeg_arrival_simpleton_c, layout_basic,
          chequers_ecumenical_altar_simple_redux,
          nicolae_concentric_dashed_squares_wild, kennysheep_boxes
D:2:      layout_basic, hangedman_decor_riveting
D:3:      layout_loops_cross, item_on_display_a, uniq_jessica
D:4:      cheibrodos_fertilizer, layout_basic, serial_bayou_crossing, uniq_pikel

Skill      XL: |  1  2  3  4 |
---------------+-------------+-----
Axes           | 3 4 |  4.3
Fighting       | 4 |  4.8
Armour         | 4 |  4.3
Shields        | 4 |  4.3

Action                   |  1- 3 |  4- 6 || total
-------------------------+-------+-------++-------
Melee: War axe           |    86 |    77 ||   163
  Use: Scroll            |     4 |     5 ||     9
       Potion            |       |     2 ||     2
Armor: Scale mail        |    36 |    31 ||    67
Dodge: Dodged            |    45 |    26 ||    71
Block: Buckler           |    11 |    16 ||    27

Table legend: (Time is in decaauts)
 A = Elapsed time spent in this place.
 B = Non-inter-level travel time spent in this place.
 C = Inter-level travel time spent in this place.
 D = Time resting spent in this place.
 E = Time spent auto-exploring this place.
 F = Levels seen in this place.
 G = Mean time per level.
                   A        B        C        D        E       F      G
               +--------+--------+--------+--------+--------+-----+--------+
         Total |   3291 |   3226 |     65 |    700 |   1847 |   4 |  822.8 |
       Dungeon |   3291 |   3226 |     65 |    700 |   1847 |   4 |  822.8 |
               +--------+--------+--------+--------+--------+-----+--------+

Top non-repeatable levels by time:
     D:2: 1180 daAuts
     D:1: 1092 daAuts
     D:3: 589 daAuts
     D:4: 428 daAuts
